 Dungeon Crawl Stone Soup version 0.24.0-37-gcf1ca852f1 (webtiles) character file.

Game seed: 3383078712737135437, levelgen mode: deterministic

100 Curus the Twirler (level 4, -1/26 HPs)
             Began as a Gargoyle Gladiator on Dec 2, 2019.
             Slain by Grinder (2 damage)
             ... on level 3 of the Dungeon.
             The game lasted 00:07:34 (1898 turns).

Curus the Twirler (Gargoyle Gladiator)              Turns: 1898, Time: 00:07:35

Health: -1/26      AC: 17    Str: 18    XL:     4   Next: 74%
Magic:  4/4        EV:  7    Int:  8    God:
Gold:   182        SH:  0    Dex: 12    Spells: 3/3 levels left

rFire    . . .     SeeInvis .   a - +1 quarterstaff
rCold    . . .     Gourm    .   (shield currently unavailable)
rNeg     + . .     Faith    .   m - +0 chain mail
rPois    ∞         Spirit   .   l - +2 helmet
rElec    +         Reflect  .   k - +1 cloak
rCorr    .         Harm     .   h - +0 pair of gloves
MR       .....                  (no boots)
Stlth    ..........             (no amulet)
HPRegen  0.08/turn              i - ring of wizardry
MPRegen  0.09/turn              (no ring)

@: no status effects
A: negative energy resistance 1, electricity resistance, unbreathing,
petrification resistance, rot immunity, AC +3
a: no special abilities


You were on level 3 of the Dungeon.
You were not hungry.

You visited 1 branch of the dungeon, and saw 3 of its levels.

You collected 182 gold pieces.

Inventory:

Hand Weapons
 a - a +1 quarterstaff (weapon)
Missiles
 d - 3 throwing nets (quivered)
Armour
 b - a +0 leather armour
 c - a +0 helmet
 e - a +0 ring mail
 g - a +0 scale mail
 h - a +0 pair of gloves (worn)
 k - a +1 cloak (worn)
 l - a +2 helmet (worn)
 m - a +0 chain mail (worn)
Jewellery
 i - a ring of wizardry (left hand)
Scrolls
 j - a scroll of enchant weapon
 n - a scroll of remove curse
Potions
 o - a potion of curing
Comestibles
 f - 7 rations


   Skills:
 - Level 2.1 Fighting
 + Level 5.3 Staves
 - Level 1.7 Throwing
 - Level 2.4 Dodging


You had 3 spell levels left.
You didn't know any spells.
Your spell library was empty.

Dungeon Overview and Level Annotations

Branches:
Dungeon (3/15)

Altars:
Dithmenos
Hepliaklqana

Annotations:
D:3 Grinder


Innate Abilities, Weirdness & Mutations

You are resistant to torment.
Your stone body is resilient. (AC +3)
You are immune to poison.
You resist negative energy. (rN+)
You are resistant to electric shocks. (rElec)
You can survive without breathing.
You are immune to petrification.
You are immune to rotting.


Message History

Grinder is moderately wounded.
Grinder hits you but does no damage.
You sock Grinder!
Grinder is heavily wounded.
Grinder hits you.
You writhe in agony.
Your chain mail prevents you from hitting Grinder.
Grinder is heavily wounded.
Grinder hits you but does no damage.
You sock Grinder!
Grinder is almost dead.
Grinder hits you.
* * * LOW HITPOINT WARNING * * *
You writhe in agony.
* * * LOW HITPOINT WARNING * * *
You closely miss Grinder.
Grinder is almost dead.
Grinder hits you.
* * * LOW HITPOINT WARNING * * *
You writhe in agony.
You die...

##### . ##...## ..
##.....## ... #.......#
§.5. #..)....# ..S..
###########.......#
......##.†5@............##
.........#########.......#
.......### #......<###
..(.... #..........
##.####
...#######.....#### #.#
#......###.......# #.#
######.######..... #.#
#..# ###.## #######.# ##.#
#..#


You could see Grinder.

Vanquished Creatures
  4 adders
  An ooze (D:1)
  4 dart slugs
  2 leopard geckos (D:1)
  An orc (D:3)
  8 bats
  4 giant cockroaches
  4 goblins
  4 hobgoblins
  2 jackals (D:1)
  A quokka (D:3)
  A ball python (D:1)
  4 frilled lizards
  3 kobolds
  7 rats
50 creatures vanquished.

Notes
Turn   | Place    | Note
-------+----------+-------------------------------------------
     0 | D:1      | Curus the Gargoyle Gladiator began the quest for the Orb.
     0 | D:1      | Reached XP level 1. HP: 12/12 MP: 1/1
   191 | D:1      | Reached XP level 2. HP: 12/17 MP: 2/2
   631 | D:1      | Reached skill level 4 in Staves
   651 | D:1      | Reached XP level 3. HP: 21/21 MP: 3/3
  1538 | D:3      | Found a shadowy altar of Dithmenos.
  1572 | D:3      | Reached XP level 4. HP: 25/26 MP: 4/4
  1669 | D:3      | Reached skill level 5 in Staves
  1749 | D:3      | Found a hazy altar of Hepliaklqana.
  1869 | D:3      | Noticed Grinder
  1888 | D:3      | Paralysed by Grinder for 5 turns
  1898 | D:3      | HP: 1/26 [Grinder (4)]
  1898 | D:3      | Slain by Grinder

Levels and vault maps discovered:
D:1:      nicolae_arrival_somewhat_less_tricky_arrival, layout_basic
D:2:      layout_basic
D:3:      layout_rooms, lemuel_crystal_altar, first_ration,
          nicolae_dithmenos_shadow_blocks, uniq_grinder, uniq_jessica

Skill      XL: |  1  2  3  4 |
---------------+-------------+-----
Staves         | 4 5 |  5.3
Fighting       | |  2.1
Throwing       | |  1.7
Dodging        | |  2.4

Action                   |  1- 3 |  4- 6 || total
-------------------------+-------+-------++-------
Melee: Quarterstaff      |   100 |    54 ||   154
  Use: Scroll            |     7 |     1 ||     8
       Potion            |       |     1 ||     1
  Eat: Chunk             |     2 |     1 ||     3
Armor: Leather armour    |    14 |       ||    14
       Ring mail         |    14 |       ||    14
       Scale mail        |    18 |     4 ||    22
       Chain mail        |       |    26 ||    26
Dodge: Dodged            |    52 |    20 ||    72
